 Dungeon Crawl Stone Soup version 0.22-a0-558-gc224181 (webtiles) character file.

781 silveira1995 the Conjurer (level 7, -8/36 HPs)
             Began as a Deep Elf Conjurer on June 27, 2018.
             Mangled by an ice beast (10 damage)
             ... on level 4 of the Dungeon.
             The game lasted 00:19:32 (5135 turns).

silveira1995 the Conjurer (Deep Elf Conjurer)       Turns: 5135, Time: 00:19:34

Health: -8/36      AC:  4    Str:  5    XL:     7   Next: 55%
Magic:  6/18       EV: 15    Int: 22    God:
Gold:   136        SH:  0    Dex: 15    Spells: 8/18 levels left

rFire    . . .     SeeInvis .   r - -3 dagger (curse)
rCold    . . .     Gourm    .   (no shield)
rNeg     . . .     Faith    .   a - +0 robe
rPois    .         Spirit   .   q - +0 helmet
rElec    .         Reflect  .   u - scarf {repulsion}
rCorr    .         Harm     .   s - +0 pair of gloves
MR       .....                  (no boots)
Stlth    ++........             (no amulet)
HPRegen  0.12/turn              (no ring)
MPRegen  0.16/turn              (no ring)

@: very slightly contaminated, repel missiles
A: no striking features
a: no special abilities


You were on level 4 of the Dungeon.
You were not hungry.

You visited 1 branch of the dungeon, and saw 5 of its levels.

You collected 136 gold pieces.

Inventory:

Hand Weapons
 r - a cursed -3 dagger (weapon)
 v - a +3 dagger of speed
Armour
 a - a +0 robe (worn)
 q - a +0 helmet (worn)
 s - a +0 pair of gloves (worn)
 u - a scarf of repulsion (worn)
Jewellery
 d - a +5 ring of evasion {unknown}
 g - an uncursed amulet of guardian spirit {unknown}
 l - a +2 ring of slaying {unknown}
 t - a +1 ring of slaying {unknown}
Scrolls
 f - a scroll of fear {unknown}
 j - a scroll of magic mapping
 m - a scroll of remove curse
 n - 2 scrolls of identify
Potions
 b - 2 potions of heal wounds {unknown}
 e - a potion of haste {unknown}
 h - 5 potions of curing
 i - 2 potions of flight
 o - a potion of cancellation {unknown}
 p - a potion of berserk rage
Comestibles
 c - 10 rations


   Skills:
 + Level 5.5 Dodging
 - Level 2.4 Stealth
 + Level 6.2 Spellcasting
 * Level 7.9 Conjurations


You had 8 spell levels left.
You knew the following spells:

 Your Spells              Type           Power        Failure   Level  Hunger
a - Magic Dart            Conj           ####         1%          1    None
b - Searing Ray           Conj           #####.       1%          2    None
c - Dazzling Spray        Conj/Hex       ###...       5%          3    #......
d - Iskenderun's Mystic   Conj           #####...     3%          4    ###....

Your spell library contained the following spells:

 Spells                   Type           Power        Failure   Level  Hunger
 Fulminant Prism          Conj/Hex       ###.......   17%         4    ###....
 Force Lance              Conj/Tloc      ###.....     17%         4    ###....


Dungeon Overview and Level Annotations

Branches:
Dungeon (5/15)
 Temple: D:4-7

Altars:
Vehumet


Message History

As you read the scroll of blinking, it crumbles to dust.
Casting: Iskenderun's Mystic Blast (safe; 3% risk of failure)
Confirm with . or Enter, or press ? or * to list all spells.
Aiming: Searing Ray (safe; 1% risk of failure)
Press: ? - help, Shift-Dir - straight line, f - ice beast
Aim: an ice beast (moderately wounded)
The searing ray hits the ice beast.
The ice beast is moderately wounded. (Press . to maintain the ray.)
The searing ray hits the ice beast.
The ice beast is moderately wounded.
The searing ray hits the ice beast.
The ice beast is severely wounded.
The searing ray hits the ice beast.
The ice beast is almost dead.
The searing ray misses the ogre.
You finish channeling your searing ray.
The ice beast hits you.
* * * LOW HITPOINT WARNING * * *
The ice beast freezes you!
You die...

######### #.@.....#
##########Y#####.#
#........#O# #.#
######........#.###
#.#
..........)[).....#
#.#
#####..######.#.#.#
#.# ##.....<....#>#.#
#.#
#.....#####.#.#.###.#
#
##..........#.......#


You could see an ice beast and an ogre.

Vanquished Creatures
  Sigmund (D:5)
  An ogre (D:4)
  A bullfrog (D:2)
  A scorpion (D:4)
  A crimson imp (D:5)
  A quasit (D:4)
  A hound (D:4)
  3 orc wizards
  2 orc priests (D:3)
  A hound skeleton (D:5)
  5 adders
  4 gnolls (D:4)
  A shadow imp (D:2)
  2 adder skeletons
  2 dart slugs
  3 leopard geckos
  11 orcs
  6 bats
  2 giant cockroaches (D:2)
  4 hobgoblins
  3 jackals (D:4)
  5 kobolds
  2 quokkas (D:3)
  A ball python (D:1)
  6 frilled lizards
  9 goblins
  A jackal skeleton (D:5)
  A quokka skeleton (D:4)
  8 rats
89 creatures vanquished.

Notes
Turn   | Place    | Note
-------+----------+-------------------------------------------
     0 | D:1      | silveira1995 the Deep Elf Conjurer began the quest for the Orb.
     0 | D:1      | Reached XP level 1. HP: 10/10 MP: 6/6
   265 | D:1      | Reached XP level 2. HP: 15/15 MP: 5/8
   668 | D:1      | Learned a level 2 spell: Searing Ray
   922 | D:2      | Reached skill level 5 in Conjurations
  1212 | D:2      | Reached XP level 3. HP: 19/19 MP: 6/10
  1280 | D:2      | Noticed a bullfrog
  1284 | D:2      | Killed a bullfrog
  1284 | D:2      | Reached XP level 4. HP: 24/24 MP: 7/12
  1332 | D:2      | Learned a level 3 spell: Dazzling Spray
  1337 | D:2      | Learned a level 4 spell: Iskenderun's Mystic Blast
  2121 | D:3      | Reached XP level 5. HP: 28/28 MP: 11/13
  2429 | D:3      | Reached skill level 6 in Conjurations
  2993 | D:3      | Reached XP level 6. HP: 32/32 MP: 8/15
  3637 | D:4      | Reached skill level 5 in Spellcasting
  4028 | D:4      | Reached skill level 7 in Conjurations
  4616 | D:5      | Entered Level 5 of the Dungeon
  4678 | D:4      | Reached skill level 5 in Dodging
  4678 | D:4      | Reached XP level 7. HP: 25/36 MP: 2/17
  4788 | D:5      | Noticed Sigmund
  4856 | D:5      | Killed Sigmund
  5016 | D:5      | Found a radiant altar of Vehumet.
  5135 | D:4      | Mangled by an ice beast

Vault maps used:
D:1:      sevenhm_arrival_forest_fort_small_4, minmay_misc_feat_square
D:2:      minmay_tetromino_s4
D:3:      first_ration, minmay_item_behind_shaft, patterned_corridor
D:5:      vehumet_altar_wand_db, uniq_crazy_yiuf_cottage, uniq_edmund,
          uniq_grinder, uniq_sigmund

Skill      XL: |  1  2  3  4  5  6  7 |
---------------+----------------------+-----
Conjurations   | 5 6 7 |  7.9
Dodging        | 3 4 5 |  5.5
Spellcasting   | 4 5 6 |  6.2
Stealth        | |  2.4

Action                   |  1- 3 |  4- 6 |  7- 9 || total
-------------------------+-------+-------+-------++-------
Melee: Dagger            |     2 |     3 |       ||     5
 Cast: Magic Dart        |    38 |    77 |     8 ||   123
       Searing Ray       |     3 |    15 |     3 ||    21
       Iskenderun's Myst |       |    11 |     8 ||    19
       Dazzling Spray    |       |     1 |       ||     1
  Use: Scroll            |       |    11 |     1 ||    12
  Eat: Chunk             |     1 |    10 |     4 ||    15
Armor: Robe              |     2 |     3 |    14 ||    19
Dodge: Dodged            |    15 |    12 |    29 ||    56

Table legend:
 A = Spawn XP
 B = Non-spawn XP
 C = Spawn XP percentage of total XP
 D = Spawn monster count
 E = Non-spawn monster count
 F = Spawn count percentage of total count
 G = Total turns spent on level
                    A         B        C        D         E        F      G
               +---------+---------+-------+---------+---------+-------+---------
         Total |       0 |    1116 |   0.0 |       0 |      89 |   0.0 |  5135
               +---------+---------+-------+---------+---------+-------+---------
           D:1 |       0 |      33 |   0.0 |       0 |      20 |   0.0 |  1194
           D:2 |       0 |     148 |   0.0 |       0 |      21 |   0.0 |   731
           D:3 |       0 |     222 |   0.0 |       0 |      21 |   0.0 |  1311
           D:4 |       0 |     425 |   0.0 |       0 |      21 |   0.0 |  1814
           D:5 |       0 |     288 |   0.0 |       0 |       6 |   0.0 |    85
               +---------+---------+-------+---------+---------+-------+---------
